 Dungeon Crawl Stone Soup version 0.23.1 (webtiles) character file.

Game seed: 1482440847456883241

102 Borgoz the Sneak (level 4, -1/36 HPs)
             Began as a Ghoul Enchanter on Mar 3, 2019.
             Slain by a jackal (3 damage)
             ... on level 2 of the Dungeon.
             The game lasted 00:03:55 (1679 turns).

Borgoz the Sneak (Ghoul Enchanter)                  Turns: 1679, Time: 00:03:56

Health: -1/36      AC:  6    Str: 11    XL:     4   Next: 77%
Magic:  5/5        EV: 18    Int: 10    God:
Gold:   72         SH:  0    Dex: 15    Spells: 0/6 levels left

rFire    . . .     SeeInvis .   a - +1 dagger
rCold    + . .     Gourm    .   (no shield)
rNeg     + + +     Faith    .   b - +1 robe
rPois    ∞         Spirit   .   (no helmet)
rElec    .         Reflect  .   h - +2 cloak
rCorr    .         Harm     .   (no gloves)
MR       .....                  (no boots)
Stlth    ++++......             (no amulet)
HPRegen  0.00/turn              (no ring)
MPRegen  0.09/turn              (no ring)

@: agile, flying, rotting
A: rotting body, claws 1, carnivore, cold resistance 1, negative energy
resistance 3, inhibited regeneration, torment resistance, unbreathing
a: no special abilities


You were on level 2 of the Dungeon.
You were not hungry.

You visited 1 branch of the dungeon, and saw 2 of its levels.

You collected 72 gold pieces.

Inventory:

Hand Weapons
 a - a +1 dagger (weapon)
Armour
 b - a +1 robe (worn)
 h - a +2 cloak (worn)
 n - a +0 pair of gloves
Scrolls
 g - a scroll of enchant armour
Potions
 j - a potion of berserk rage
Comestibles
 d - 3 rations


   Skills:
 + Level 2.2 Fighting
 + Level 2.0 Short Blades
 + Level 2.6 Dodging
 + Level 4.1 Stealth
 - Level 1.7 Spellcasting
 - Level 2.4 Hexes


You couldn't memorise any spells.
You knew the following spells:

 Your Spells              Type           Power        Failure   Level  Hunger
a - Corona                Hex            #......      12%         1    ##.....
b - Ensorcelled Hibernat  Hex/Ice        #.....       30%         2    ###....
c - Confuse               Hex            #.......     34%         3    ####...

Your spell library contained the following spells:

 Spells                   Type           Power        Failure   Level  Hunger
 Tukima's Dance           Hex            #.......     34%         3    ####...
 Dazzling Spray           Conj/Hex       #.....       52%         3    ####...


Dungeon Overview and Level Annotations

Branches:
Dungeon (2/15)

Altars:

Annotations:
D:2 Terence


Innate Abilities, Weirdness & Mutations

Your body is rotting away.
You thrive on raw meat.
You are immune to poison.
You have sharp fingernails.
You are carnivorous and can eat meat at any time.
Your flesh is cold resistant. (rC+)
You are immune to negative energy. (rN+++)
You do not regenerate when monsters are visible.
You are immune to unholy pain and torment.
You can survive without breathing.


Message History

It was a potion of flight.
You feel very buoyant.
You fly up into the air.
The jackal barely misses you.
As you read the scroll labeled UCLERCHEANE, it crumbles to dust.
The scroll dissolves into smoke.
It was a scroll of fog.
The jackal bites you.
* * * LOW HITPOINT WARNING * * *
As you read the scroll labeled NEJETI FYPH, it crumbles to dust.
You feel blessed for a moment.
It was a scroll of remove curse.
The jackal closely misses you.
As you read the scroll labeled DOGOTH NATHRU, it crumbles to dust.
Your nose twitches suddenly!
It was a scroll of random uselessness.
The jackal closely misses you.
As you read the scroll labeled OSKAEF PYTODUROALE, it crumbles to dust.
It is a scroll of identify.
n - a +0 pair of gloves The jackal barely misses you.
The jackal misses you.
The jackal pauses to sniff the ground.
The jackal barely misses you. The jackal bites you.
You die...

#....## #####...@g#
........#h# #.....@h#§#
#......h#§#
........#h############
........#§§§##...#...##
.......####.h.........##
.#####.##...§..h@......#
...###..#......h.......#
....................<..#
.....##.....#.........##
.....................##
#########...#....#.######
#...####........# #...#
##.......# #...#
#.......#


You could see 3 jackals.

Vanquished Creatures
  5 adders
  A gnoll (D:1)
  A worm (D:1)
  3 dart slugs (D:1)
  2 leopard geckos (D:1)
  A bat (D:1)
  2 giant cockroaches (D:1)
  3 goblins (D:1)
  5 hobgoblins (D:1)
  A jackal (D:2)
  3 frilled lizards (D:1)
  4 kobolds
  9 rats
40 creatures vanquished.

Notes
Turn   | Place    | Note
-------+----------+-------------------------------------------
     0 | D:1      | Borgoz the Ghoul Enchanter began the quest for the Orb.
     0 | D:1      | Reached XP level 1. HP: 14/14 MP: 2/2
    40 | D:1      | Reached skill level 1 in Short Blades
    78 | D:1      | Reached XP level 2. HP: 21/21 MP: 3/3
   307 | D:1      | Reached skill level 1 in Fighting
   307 | D:1      | Reached XP level 3. HP: 22/28 MP: 2/4
  1161 | D:1      | Reached XP level 4. HP: 33/35 MP: 5/5
  1180 | D:1      | Reached skill level 4 in Stealth
  1384 | D:1      | Learned a level 2 spell: Ensorcelled Hibernation
  1388 | D:1      | Learned a level 3 spell: Confuse
  1618 | D:2      | Noticed Terence
  1679 | D:2      | Slain by a jackal

Skill      XL: |  1  2  3  4 |
---------------+-------------+-----
Short Blades   | 1 2 |  2.0
Dodging        | 2 |  2.6
Fighting       | 1 2 |  2.2
Stealth        | 4 |  4.1
Spellcasting   | |  1.7
Hexes          | |  2.4

Action                   |  1- 3 |  4- 6 || total
-------------------------+-------+-------++-------
Melee: Dagger            |   122 |    92 ||   214
 Cast: Corona            |     1 |       ||     1
       Ensorcelled Hiber |       |     3 ||     3
  Use: Potion            |     2 |     4 ||     6
       Scroll            |       |     5 ||     5
 Stab: Sleeping          |    10 |       ||    10
  Eat: Chunk             |     7 |     8 ||    15
Armor: Robe              |    23 |    44 ||    67
Dodge: Dodged            |    53 |    83 ||   136
